 Dungeon Crawl Stone Soup version 0.25-a0-505-gae4569222e (webtiles) character file.

Game seed: 13569871436213232499, levelgen mode: deterministic

219 kae the Slasher (level 5, -1/48 HPs)
             Began as a Minotaur Fighter on Feb 14, 2020.
             Slain by Crazy Yiuf
             ... wielding a +3 quarterstaff of chaos
              (11 damage)
             ... on level 3 of the Dungeon.
             The game lasted 00:01:37 (2662 turns).

kae the Slasher (Minotaur Fighter)                  Turns: 2662, Time: 00:01:37

Health: -1/48      AC:  6    Str: 22    XL:     5   Next: 63%
Magic:  4/4        EV:  7    Int:  5    God:
Gold:   117        SH:  9    Dex:  9    Spells: 4/4 levels left

rFire    . . .     SeeInvis .   a - +1 long sword
rCold    . . .     Gourm    .   c - +0 kite shield
rNeg     . . .     Faith    .   b - +0 scale mail
rPois    .         Spirit   .   (helmet restricted)
rElec    .         Reflect  .   (no cloak)
rCorr    .         Harm     .   (no gloves)
MR       .....                  (no boots)
Stlth    ..........             (no amulet)
HPRegen  0.16/turn              (no ring)
MPRegen  0.09/turn              (no ring)

@: no status effects
A: retaliatory headbutt, horns 2
a: no special abilities


You were on level 3 of the Dungeon.
You were near starving.

You visited 1 branch of the dungeon, and saw 3 of its levels.

You collected 117 gold pieces.

Inventory:

Hand Weapons
 a - a +1 long sword (weapon)
Armour
 b - a +0 scale mail (worn)
 c - a +0 kite shield (worn)
Wands
 q - a wand of flame (15)
Scrolls
 h - a scroll of magic mapping {unknown}
 i - 2 scrolls of teleportation
 j - 2 scrolls of identify
 k - a scroll of amnesia
Potions
 d - 2 potions of might
 e - a potion of brilliance {unknown}
 g - a potion of lignification
 n - 2 potions of curing
 o - 2 potions of berserk rage {unknown}
Comestibles
 f - 8 rations


   Skills:
 + Level 5.2 Fighting
 * Level 6.1 Long Blades
 - Level 3.6 Armour
 - Level 3.6 Shields


You had 4 spell levels left.
You didn't know any spells.
Your spell library was empty.

Dungeon Overview and Level Annotations

Branches:
Dungeon (3/15)

Altars:
Hepliaklqana
Nemelex Xobeh
Uskayaw

Annotations:
D:3 Crazy Yiuf


Innate Abilities, Weirdness & Mutations

You reflexively headbutt those who attack you in melee.
You have a pair of horns on your head.


Message History

There is an open translucent door here.
You are too injured to fight recklessly!
You are too injured to fight recklessly!
You are too injured to fight recklessly!
You are too injured to fight recklessly!
You are too injured to fight recklessly!
You are too injured to fight recklessly!
You are too injured to fight recklessly!
You closely miss Crazy Yiuf.
Crazy Yiuf hits you with a +3 quarterstaff of chaos.
Crazy Yiuf freezes you.
You slash Crazy Yiuf!
Crazy Yiuf is heavily wounded.
Crazy Yiuf hits you with a +3 quarterstaff of chaos!
* * * LOW HITPOINT WARNING * * *
You closely miss Crazy Yiuf.
Crazy Yiuf is heavily wounded.
You are near starving!
Crazy Yiuf hits you with a +3 quarterstaff of chaos!
You die...

#.# #.##.<.....#
#.#
#..........#####
###.#
#####...........
#...#
#......#####
#.### #####
#......# #.#
#)..# ##...###
#.# #^..# ##.##
#.# #.g.# #.#
#######.# #@#
#.# #.......#
#.## #.#
#.####### ##.#
#.## #.# #.##
#..# #.# ##.#
##.# #.# ##.##
#.# #.# ##...#
#.# ## #.#
#....# #.# #(
#.# ##..## #.#
#<


You could see Crazy Yiuf.

Vanquished Creatures
  Jessica (D:3)
  Natasha (thrice) (D:2)
  3 adders
  2 oozes
  3 worms (D:3)
  5 dart slugs
  2 leopard geckos (D:3)
  2 orcs (D:3)
  2 giant cockroaches
  4 goblins
  11 hobgoblins
  2 jackals (D:1)
  2 kobolds
  A quokka (D:2)
  6 bats
  7 frilled lizards
  9 rats
  4 bushes (D:1)
  3 plants (D:1)
72 creatures vanquished.

Notes
Turn   | Place    | Note
-------+----------+-------------------------------------------
     0 | D:1      | kae the Minotaur Fighter began the quest for the Orb.
     0 | D:1      | Reached XP level 1. HP: 19/19 MP: 0/0
    80 | D:1      | Reached skill level 3 in Long Blades
   101 | D:1      | Reached XP level 2. HP: 27/27 MP: 1/1
   779 | D:1      | Reached XP level 3. HP: 33/33 MP: 2/2
  1433 | D:2      | Found a hazy altar of Hepliaklqana.
  1436 | D:2      | Found a sparkling altar of Nemelex Xobeh.
  1441 | D:2      | Noticed Natasha
  1446 | D:2      | Killed Natasha
  1446 | D:2      | Reached skill level 4 in Long Blades
  1547 | D:2      | Noticed Natasha
  1554 | D:2      | Killed Natasha
  1554 | D:2      | Reached XP level 4. HP: 41/41 MP: 3/3
  1689 | D:2      | Reached skill level 5 in Long Blades
  1708 | D:2      | Noticed Natasha
  1715 | D:2      | Killed Natasha
  1853 | D:3      | Reached XP level 5. HP: 42/47 MP: 4/4
  1860 | D:3      | Found a hide-covered altar of Uskayaw.
  1874 | D:3      | Reached skill level 5 in Fighting
  2027 | D:3      | Found a faded altar of an unknown god.
  2147 | D:3      | Noticed Jessica
  2155 | D:3      | Killed Jessica
  2155 | D:3      | Reached skill level 6 in Long Blades
  2514 | D:3      | Found a runed translucent door.
  2515 | D:3      | Noticed Crazy Yiuf
  2662 | D:3      | Slain by Crazy Yiuf

Levels and vault maps discovered:
D:1:      dpeg_arrival_long_road, layout_basic, serial_forest,
          infiniplex_forest_lined_3, infiniplex_forest_straight_2,
          infiniplex_forest_corner_1, infiniplex_forest_straight_1,
          infiniplex_forest_clump_diagonal, infiniplex_forest_split,
          infiniplex_forest_corner_2, infiniplex_forest_diagonal,
          infiniplex_forest_diagonal, minmay_pentomino_r2
D:2:      layout_rooms, chequers_temple_overflow_statue_of_worship,
          first_ration, uniq_natasha
D:3:      layout_loops_ring, eat_drink_and_be_merry_uskayaw,
          chequers_ecumenical_altar_twisty, uniq_crazy_yiuf_cottage,
          uniq_jessica

Skill      XL: |  1  2  3  4  5 |
---------------+----------------+-----
Long Blades    | 3 4 5 6 |  6.1
Fighting       | 4 5 |  5.2
Armour         | |  3.6
Shields        | |  3.6

Action                   |  1- 3 |  4- 6 || total
-------------------------+-------+-------++-------
Melee: Long sword        |   282 |    84 ||   366
       Headbutt          |    97 |    13 ||   110
  Use: Potion            |     1 |       ||     1
       Scroll            |       |     8 ||     8
  Eat: Chunk             |     3 |     2 ||     5
Armor: Scale mail        |    12 |    21 ||    33
       Skin              |     2 |       ||     2
Dodge: Dodged            |    18 |    19 ||    37
Block: Kite shield       |    31 |    36 ||    67
       Rpst.: Long sword |     5 |     9 ||    14

Table legend:
 A = Non-vault XP
 B = Vault XP
 C = Vault XP percentage of total XP
 D = Non-vault monster count
 E = Vault monster count
 F = Vault count percentage of total count
                 A         B        C        D         E       F
            +---------+---------+-------+---------+---------+-------
      Total |     240 |      73 |  23.3 |      62 |       3 |   4.6
            +---------+---------+-------+---------+---------+-------
        D:1 |      45 |       1 |   2.2 |      23 |       1 |   4.2
        D:2 |     112 |      35 |  23.8 |      17 |       1 |   5.6
        D:3 |      83 |      37 |  30.8 |      22 |       1 |   4.3
            +---------+---------+-------+---------+---------+-------
